 Dungeon Crawl Stone Soup version 0.21.1-1-g345015f (console) character file.

3970 Homage the Transmogrifier (level 10, -1/45 HPs)
             Began as a Vine Stalker Transmuter on Apr 23, 2018.
             Was a Believer of Okawaru.
             Slain by a spatial maelstrom (2 damage)
             ... on level 3 of the Abyss.
             The game lasted 00:29:03 (8878 turns).

Homage the Transmogrifier (Vine Stalker Transmuter) Turns: 8878, Time: 00:29:04

Health: -1/45      AC: 17    Str: 13    XL:     10   Next: 22%
Magic:  0/24       EV: 12    Int: 16    God:    Okawaru [**....]
Gold:   249        SH:  4    Dex: 15    Spells: 7/24 levels left

rFire    + . .     SeeInvis .     - Unarmed
rCold    . . .     Gourm    .   (no shield)
rNeg     . . .     Faith    .   y - +2 ring mail {rF+}
rPois    +         Spirit   +   t - +0 helmet
rElec    .         Reflect  .   r - +2 cloak {rPois}
rCorr    .         Harm     .   x - +1 pair of gloves
MR       +....                  (no boots)
Stlth    ++........             (no amulet)
HPRegen  0.55/turn              e - ring of wizardry
MPRegen  0.19/turn              w - ring of stealth

@: about to teleport, very slightly contaminated, hasted, very quick
A: fangs 3, large bone plates 1, rugged brown scales 1, yellow scales 1, high mp
1, regeneration 1, magic shield, antimagic bite, no potion heal 3, rot immunity
a: Heroism, Renounce Religion


You were on level 3 of the Abyss.
You worshipped Okawaru.
Okawaru was pleased with you.
You were not hungry.

You visited 2 branches of the dungeon, and saw 10 of its levels.
You visited the Abyss 1 time.

You collected 581 gold pieces.
You spent 332 gold pieces at shops.


Innate Abilities, Weirdness & Mutations

You have razor-sharp teeth.
Your natural rate of healing is unusually fast.
When hurt, damage is shared between your health and your magic reserves.
Your bite disrupts and absorbs the magic of your enemies.
Potions cannot restore your health.
You are immune to rotting.
You are partially covered in large bone plates. (SH +4)
You are partially covered in rugged brown scales. (AC +1, +3% HP)
You are partially covered in yellow scales. (AC +2)
You have an increased reservoir of magic. (+10% MP)


   Skills:
 - Level 0.8 Fighting
 - Level 3.1 Armour
 - Level 3.1 Dodging
 - Level 6.0 Unarmed Combat
 + Level 7.7 Spellcasting
 - Level 8.1 Transmutations
 - Level 5.5 Ice Magic
 - Level 2.0 Poison Magic


You had 7 spell levels left.
You knew the following spells:

 Your Spells              Type           Power        Failure   Level  Hunger
a - Beastly Appendage     Tmut           ####..       1%          1    None
b - Spider Form           Tmut/Pois      ###.......   3%          3    ##.....
B - Blade Hands           Tmut           ####......   9%          5    #####..
I - Ice Form              Ice/Tmut       ####....     6%          4    ####...
X - Passwall              Tmut/Erth      ###.......   2%          2    None
Z - Sticks to Snakes      Tmut           ####....     1%          2    None

Inventory:

Missiles
 a - 47 arrows
 j - a throwing net (quivered)
Armour
 r - a +2 cloak of poison resistance (worn)
 t - a +0 helmet (worn)
 x - a +1 pair of gloves (worn)
 y - a +2 ring mail of fire resistance (worn)
 D - a +0 troll leather armour
Jewellery
 e - a ring of wizardry (left hand)
 g - an uncursed ring of ice
 p - an uncursed ring of resist corrosion
 w - a ring of stealth (right hand)
Wands
 c - a wand of flame (25)
 J - a wand of paralysis (17)
Scrolls
 b - 2 scrolls of remove curse
 f - a scroll of fog
 k - 4 scrolls of magic mapping
 l - 3 scrolls of fear
 q - a scroll of teleportation
 v - a scroll of summoning
 B - a scroll of noise
 C - a scroll of enchant weapon {unknown}
 G - a scroll of vulnerability {unknown}
 H - 2 scrolls of amnesia {unknown}
Potions
 h - a potion of brilliance
 o - a potion of curing
 s - a potion of resistance {unknown}
 u - 2 potions of agility
 z - 2 potions of haste
 A - a potion of might
Books
 m - a book of Air

   Spells                             Type                      Level
   a - Shock                          Conjuration/Air              1
   b - Swiftness                      Charms/Air                   2
   c - Static Discharge               Conjuration/Air              3
   d - Airstrike                      Air                          4
   e - Lightning Bolt                 Conjuration/Air              5
 E - a book of Battle

   Spells                             Type                      Level
   a - Infusion                       Charms                       1
   b - Shroud of Golubria             Charms/Translocation         2
   c - Song of Slaying                Charms                       2
   d - Spectral Weapon                Hexes/Charms                 3
   e - Regeneration                   Charms/Necromancy            3
 F - a book of Geomancy

   Spells                             Type                      Level
   a - Sandblast                      Earth                        1
   b - Passwall                       Transmutation/Earth          2
   c - Stone Arrow                    Conjuration/Earth            3
   d - Petrify                        Transmutation/Earth          4
   e - Lee's Rapid Deconstruction     Earth                        5
 I - a book of Changes

   Spells                             Type                      Level
   a - Beastly Appendage              Transmutation                1
   b - Sticks to Snakes               Transmutation                2
   c - Spider Form                    Transmutation/Poison         3
   d - Ice Form                       Ice/Transmutation            4
   e - Blade Hands                    Transmutation                5
Comestibles
 d - 21 rations
 i - 9 chunks of flesh


Message History

Press: ? - help, Dir - move target cursor You are very lightly contaminated with residual magic.
As you read the scroll of blinking, it crumbles to dust.
As you read the scroll of teleportation, it crumbles to dust.
You feel strangely unstable.
You feel the power of the Abyss delaying your translocation! 2 spatial vortices come into view.
Press: ? - help, v - describe, . - travel
Here: a spatial vortex (hasn't noticed you)
The floor.
Press: ? - help, v - describe, . - travel
Here: a spatial maelstrom The floor.
You feel yourself speed up. The spatial maelstrom hits you.
Space warps horribly around you!
* * * LOW HITPOINT WARNING * * *
The spatial maelstrom hits you.
* * * LOW HITPOINT WARNING * * *
Space bends around you.
You die...

#. #. #. #. #. #.
#.### #.@.#
###v#####.# ##
#.v...... #..
#..####.. ###
#......# # ######
. #.#....#..?
##.......
#.##.#...##.v#...
# #. #. .v......
##. .#
..#.######...#


You could see a spatial maelstrom and 2 spatial vortices.

Vanquished Creatures
  A troll (D:9)
  A hippogriff (D:8)
  A spriggan (D:8)
  A yak (D:8)
  Eustachio (D:6)
  A basilisk (D:8)
  A hungry ghost (D:8)
  A water moccasin (D:8)
  An orc warrior (D:8)
  An ice beast (D:5)
  3 phantoms
  A sky beast (D:6)
  3 ogres
  A crocodile (D:7)
  4 bullfrogs
  2 scorpions
  A water moccasin skeleton (D:8)
  8 killer bees
  A howler monkey (D:4)
  A crimson imp (D:5)
  4 hounds
  4 centaur skeletons
  4 orc priests
  3 jellies
  A bullfrog skeleton (D:8)
  3 iguanas
  6 orc wizards
  4 worker ants
  A hound zombie (D:7)
  A howler monkey zombie (D:8)
  12 adders
  A shadow imp (D:5)
  3 oozes
  An adder skeleton (D:5)
  6 worms
  4 dart slugs
  3 leopard geckos
  29 orcs
  2 ball pythons
  4 giant cockroaches
  10 goblins
  3 hobgoblins
  14 jackals
  4 quokkas
  2 bats
  6 frilled lizards
  A giant cockroach zombie (D:5)
  2 jackal skeletons
  5 kobolds
  A quokka skeleton (D:6)
  A quokka zombie (D:9)
  4 rats
184 creatures vanquished.

Vanquished Creatures (collateral kills)
  A worm (D:4)
1 creature vanquished.

Vanquished Creatures (others)
  A centaur (D:7)
1 creature vanquished.

Grand Total: 186 creatures vanquished

Notes
Turn   | Place    | Note
-------+----------+-------------------------------------------
     0 | D:1      | Homage the Vine Stalker Transmuter began the quest for the Orb.
     0 | D:1      | Reached XP level 1. HP: 9/9 MP: 4/4
   209 | D:1      | Reached XP level 2. HP: 12/14 MP: 6/6
   535 | D:1      | Reached skill level 3 in Spellcasting
   874 | D:1      | Reached XP level 3. HP: 14/17 MP: 8/8
   976 | D:1      | Learned a level 2 spell: Sticks to Snakes
   980 | D:1      | Learned a level 3 spell: Spider Form
  1117 | D:1      | Reached skill level 3 in Transmutations
  1358 | D:2      | HP: 3/17 [poisoned by an adder]
  1364 | D:2      | HP: 3/17 [poisoned by an adder]
  1370 | D:2      | HP: 2/17 [poisoned by an adder]
  1711 | D:2      | Reached skill level 1 in Armour
  1738 | D:2      | HP: 3/17 [poisoned by an adder]
  1749 | D:2      | HP: 2/17 [quokka (1)]
  1752 | D:2      | Gained mutation: Your natural rate of healing is unusually fast. [Vine Stalker growth]
  1752 | D:2      | Reached XP level 4. HP: 3/21 MP: 4/9
  2898 | D:3      | Gained mutation: Scrolls take you a little longer to read. [potion of mutation]
  2898 | D:3      | Gained mutation: You are partially covered in rugged brown scales. (AC +1, +3% HP) [potion of mutation]
  2899 | D:3      | Lost mutation: Scrolls take you a little longer to read. [potion of mutation]
  2899 | D:3      | Gained mutation: You are partially covered in yellow scales. (AC +2) [potion of mutation]
  2899 | D:3      | Gained mutation: You are partially covered in large bone plates. (SH +4) [potion of mutation]
  2899 | D:3      | Gained mutation: You have an increased reservoir of magic. (+10% MP) [potion of mutation]
  2977 | D:3      | Reached XP level 5. HP: 25/25 MP: 11/11
  3954 | D:4      | Reached XP level 6. HP: 29/29 MP: 12/12
  4018 | D:4      | Reached skill level 4 in Transmutations
  4555 | D:5      | Entered Level 5 of the Dungeon
  4564 | D:5      | Learned a level 5 spell: Blade Hands
  4658 | D:5      | Noticed an ice beast
  4675 | D:5      | Killed an ice beast
  4732 | D:5      | Found Lagonel's Armour Boutique.
  4744 | D:5      | Reached XP level 7. HP: 19/32 MP: 11/16
  4769 | D:5      | Bought a +0 cloak of poison resistance for 119 gold pieces
  4786 | D:5      | Bought a +0 helmet for 63 gold pieces
  5252 | D:6      | Noticed Eustachio
  5272 | D:6      | Killed Eustachio
  5272 | D:6      | Reached skill level 5 in Transmutations
  5567 | D:6      | Reached skill level 6 in Transmutations
  5613 | D:6      | Learned a level 4 spell: Ice Form
  5639 | D:6      | Found Bagiwam's Magic Scroll Shoppe.
  5661 | D:6      | Gained mutation: You have razor-sharp teeth. [Vine Stalker growth]
  5661 | D:6      | Reached XP level 8. HP: 21/38 MP: 10/18
  5672 | D:6      | Bought a scroll of blinking for 75 gold pieces
  5672 | D:6      | Bought a scroll of blinking for 75 gold pieces
  5827 | D:6      | Reached skill level 1 in Ice Magic
  6175 | D:7      | Found Kainooph's Antique Weapon Shoppe.
  6192 | D:7      | Reached skill level 7 in Transmutations
  6262 | D:7      | Found Geqiuhum's Book Shop.
  6282 | D:7      | Reached skill level 3 in Armour
  6419 | D:7      | Reached skill level 3 in Dodging
  6613 | D:7      | Found Ditots's Armour Shop.
  6636 | D:7      | Found a staircase to the Ecumenical Temple.
  6646 | Temple   | Entered the Ecumenical Temple
  6746 | Temple   | Became a worshipper of Warmaster Okawaru
  6835 | D:7      | Reached XP level 9. HP: 41/41 MP: 19/19
  6873 | D:7      | Found Jyesobym's Assorted Antiques.
  6954 | D:7      | Found Jupal's Weapon Shoppe.
  7385 | D:8      | Reached skill level 6 in Unarmed Combat
  7399 | D:8      | Found a staircase to the Lair.
  7538 | D:8      | Reached * piety under Okawaru
  7538 | D:8      | Reached skill level 6 in Spellcasting
  7638 | D:8      | Reached skill level 3 in Ice Magic
  7755 | D:8      | Reached ** piety under Okawaru
  8336 | D:9      | Reached XP level 10. HP: 45/45 MP: 18/24
  8496 | D:9      | Learned a level 2 spell: Passwall
  8507 | D:9      | Reached skill level 8 in Transmutations
  8663 | D:9      | Found a snail-covered altar of Cheibriados.
  8696 | D:9      | Noticed Psyche
  8701 | D:9      | Cast into level 1 of the Abyss (Psyche)
  8736 | Abyss:1  | Noticed a starcursed mass
  8767 | Abyss:2  | Noticed a deep elf mage
  8860 | Abyss:3  | Noticed a spatial maelstrom
  8878 | Abyss:3  | HP: 5/45 [spatial maelstrom (10)]
  8878 | Abyss:3  | HP: 1/45 [spatial maelstrom (4)]
  8878 | Abyss:3  | Slain by a spatial maelstrom

Vault maps used:
D:1:      minmay_arrival_stair_chambers
D:4:      first_ration, kennysheep_generic_room_16
D:5:      serial_shops, shop_statue
D:6:      serial_shops, nicolae_shop_stone, kennysheep_generic_room_7,
          uniq_eustachio
D:7:      lemuel_temple_firewalk_b, serial_shops,
          nicolae_shop_temple_entry_statues_fountains, shop, shop,
          nicolae_shop_stone, shop
D:8:      david_lair_generic, the_bakery
D:9:      cheibriados_altar_1, nicolae_wwwww, eino_jars, uniq_psyche
Temple:   compressed_dpeg_circular_temple
Abyss:1:  minivault_25_ag
Abyss:2:  minivault_20
Abyss:3:  minivault_5, hangedman_abyss_stitches_cave,
          hangedman_abyss_rune_macabre_mess

Action                   |  1- 3 |  4- 6 |  7- 9 | 10-12 || total
-------------------------+-------+-------+-------+-------++-------
Melee: Unarmed           |   116 |   310 |   400 |    53 ||   879
       Bite              |    24 |    80 |   100 |     9 ||   213
       Kick              |     2 |    22 |    33 |       ||    57
       Punch             |     1 |     2 |    10 |     1 ||    14
       Headbutt          |       |     7 |       |       ||     7
 Cast: Beastly Appendage |     3 |    13 |    10 |       ||    26
       Sticks to Snakes  |       |     2 |     4 |       ||     6
       Blade Hands       |       |       |    15 |     5 ||    20
  Use: Potion            |     4 |     3 |       |     1 ||     8
       Scroll            |     3 |     4 |    10 |     7 ||    24
 Stab: Distracted        |       |     2 |       |       ||     2
       Sleeping          |       |       |     2 |     2 ||     4
  Eat: Chunk             |     3 |    10 |    14 |     3 ||    30
       Ration            |       |       |     2 |       ||     2
Armor: Robe              |    12 |       |       |       ||    12
       Leather armour    |     1 |       |       |       ||     1
       Ring mail         |    37 |    88 |   161 |    29 ||   315
Dodge: Dodged            |    68 |   150 |   214 |    36 ||   468
Block: Other             |       |    31 |    59 |    12 ||   102
